[Event "*** SCC Grand Prix: Titled Tuesday Blitz"]
[Site "Chess.com"]
[Date "2020.06.23"]
[Round "6"]
[White "Raffaello123"]
[Black "Alexander_Donchenko"]
[Result "0-1"]
[WhiteElo "2474"]
[BlackElo "2674"]
[TimeControl "180+1"]
[EndTime "11:05:55 PDT"]
[Termination "Alexander_Donchenko won by checkmate"]

1. e4 c5 2. Nf3 d6 3. d4 cxd4 4. Nxd4 Nf6 5. Nc3 Nc6 6. Bc4 e6 7. Be3 Be7 8. Bb3 O-O 9. Qe2 Na5 10. O-O-O Qc7 11. Rhg1 a6 12. g4 b5 13. g5 Nxb3+ 14.
axb3 Nd7 15. g6 hxg6 16. h4 b4 17. h5 bxc3 18. hxg6 Nf6 19. gxf7+ Kxf7 20. Qf3 e5 21. Nf5 Bxf5 22. Qxf5 Rg8 23. Rg6 Rac8 24. Kb1 cxb2 25. c4 Qa5 26. Kxb2 Rxc4 27. Rxf6+ gxf6 28. Qh5+ Rg6 29.
Qh7+ Rg7 30. Qh5+ Kf8 31. bxc4 Qb4+ 32. Kc2 Qxc4+ 33. Kd2 d5 34. Qh8+ Kf7 35. Qh5+ Rg6 36. Qh7+ Ke6 37. exd5+ Qxd5+ 38. Ke2 Qc4+ 39. Kf3 Qg4# 0-1

[Event "*** SCC Grand Prix: Titled Tuesday Blitz"]
[Site "Chess.com"]
[Date "2020.06.23"]
[Round "6"]
[White "Igrok3069"]
[Black "SergeyKarjakin"]
[Result "0-1"]
[WhiteElo "2728"]
[BlackElo "2953"]
[TimeControl "180+1"]
[EndTime "11:05:56 PDT"]
[Termination "SergeyKarjakin won on time"]

1. d4 Nf6 2. Nf3 g6 3. g3 Bg7 4. Bg2 O-O 5. O-O d6 6. b3 c5 7. c4 Nc6 8. Bb2 cxd4 9. Nxd4 Bd7 10. Nc3 a6 11. Qd2 Rc8 12. Rac1 Qa5 13. Rfd1 Rfe8 14. h3 h5 15. e3 Ne5 16. Bxb7 Bxh3 17. Bxc8 Rxc8 18.
Nd5 Qd8 19. Nxf6+ Bxf6 20. f4 Nd7 21. e4 Bg4 22. Re1 Qb6 23. Qe3 Qb7 24. Bc3 Nc5 25.
Nf3 Bxc3 26. Rxc3 Qb4 0-1

[Event "*** SCC Grand Prix: Titled Tuesday Blitz"]
[Site "Chess.com"]
[Date "2020.06.23"]
[Round "6"]
[White "hectorfiori"]
[Black "CalinGheorghiu"]
[Result "0-1"]
[WhiteElo "2316"]
[BlackElo "2381"]
[TimeControl "180+1"]
[EndTime "11:05:57 PDT"]
[Termination "CalinGheorghiu won by resignation"]

1. e4 c5 2. Nf3 d6 3. d4 cxd4 4. Qxd4 Nc6 5. Bb5 Bd7 6. Bxc6 Bxc6 7. Nc3 e6 8. Bg5 Nf6 9. O-O-O Be7 10. Rhe1 O-O 11.
Kb1 Rc8 12. Qd2 b5 13. Nd4 b4 14. Nxc6 Rxc6 15. Bxf6 Bxf6 16. Na4 Qa5 17. b3 Qe5 18. c3 bxc3 19. Qc2 Rb8 20. g3 Ra6 21. f4 Qa5 22. Ka1 g6 23. h4 Qb5 24. e5 dxe5 25. fxe5 Bxe5 26. Re4 Bg7 27. Rc4 Qf5 28. Qxf5 c2+ 29. Rdd4 exf5 30. Nb2 Bxd4 31. Rxc2 Rxb3 32. Kb1 Rxg3 0-1

[Event "*** SCC Grand Prix: Titled Tuesday Blitz"]
[Site "Chess.com"]
[Date "2020.06.23"]
[Round "6"]
[White "WelshTiger"]
[Black "rugbyclub"]
[Result "1-0"]
[WhiteElo "2368"]
[BlackElo "2132"]
[TimeControl "180+1"]
[EndTime "11:05:57 PDT"]
[Termination "WelshTiger won by resignation"]

1. e4 e5 2. Nf3 Nc6 3. Nc3 Nf6 4. d4 exd4 5. Nxd4 Bb4 6. Nxc6 bxc6 7. Bd3 d5 8. exd5 cxd5 9. O-O O-O 10. h3 h6 11.
Qf3 c6 12. Bf4 Be6 13. Ne2 Bd6 14. Nd4 Bxf4 15. Qxf4 c5 16. Nxe6 fxe6 17. Qe5 Qb6 18. b3 Nd7 19. Qe3 e5 20. c4 d4 21. Qe4 Nf6 22. Qxe5 Rae8 23. Qf5 Re7 24. Rfe1 Rfe8 25. Rxe7 Rxe7 26. Kf1 Qd6 27. g3 Re5 28. Qc8+ Re8 29. Qb7 Qe6 30. Kg2 a5 31. Qf3 Qe5 32. Rc1 g5 33. Rc2 Kg7 34. Re2 Qb8 35. Rxe8 Qxe8 36. Qf5 Qf8 37. Qe5 Qa8+ 38. Kg1 Qf3 39. Qe7+ Kg8 40.
Bg6 d3 41. Qd8+ Kg7 42. Bxd3 Qd1+ 43. Kg2 g4 44. Qe7+ 1-0

[Event "*** SCC Grand Prix: Titled Tuesday Blitz"]
[Site "Chess.com"]
[Date "2020.06.23"]
[Round "6"]
[White "youngKID"]
[Black "BillieKimbah"]
[Result "0-1"]
[WhiteElo "2762"]
[BlackElo "2864"]
[TimeControl "180+1"]
[EndTime "11:05:58 PDT"]
[Termination "BillieKimbah won on time"]

1. e4 c5 2. Nf3 e6 3. d4 cxd4 4. Nxd4 Nc6 5. Nc3 Qc7 6. Be3 a6 7. Be2 Nf6 8. O-O Be7 9. f4 d6 10. Qe1 O-O 11. Qg3 Nxd4 12. Bxd4 b5 13. a3 Bb7 14. Rae1 Bc6 15. Bd3 Rad8 16. Kh1 g6 17. f5 e5 18. Be3 Nh5 19. Qg4 Nf4 20. Bxf4 exf4 21. Qxf4 Bf6 22. Qg4 Rde8 23. Nd1 Re5 24. Ne3 Qe7 25. Qf3 h5 26. c3 Kg7 27. Re2 Re8 28. Ref2 Rf8 29. fxg6 fxg6 30. Nd5 Bxd5 31. exd5 Re3 0-1

[Event "*** SCC Grand Prix: Titled Tuesday Blitz"]
[Site "Chess.com"]
[Date "2020.06.23"]
[Round "6"]
[White "kingofthenil"]
[Black "FMJoseHerrera"]
[Result "0-1"]
[WhiteElo "2402"]
[BlackElo "2575"]
[TimeControl "180+1"]
[EndTime "11:05:58 PDT"]
[Termination "FMJoseHerrera won by resignation"]

1. d4 Nf6 2. c4 c5 3. d5 b5 4. cxb5 a6 5. f3 g6 6. e4 Bg7 7. Nc3 O-O 8. Nh3 d6 9. Nf2 Qb6 10. a4 axb5 11. Bxb5 Na6 12. O-O Nb4 13. Bg5 Ba6 14. Qd2 Rfb8 15. f4 Bxb5 16. axb5 c4 17. Kh1 e6 18. dxe6 fxe6 19. e5 dxe5 20. fxe5 Rxa1 21.
Rxa1 Nfd5 22. Nxd5 Nxd5 23. Ng4 Qxb5 24. Nf6+ Bxf6 25.
exf6 Qxb2 26. Qe1 Kf7 27. h3 c3 28. Ra7+ Rb7 29. Qh4 h5 30. Ra8 c2 31. Rc8 Rc7 32.
Rxc7+ Nxc7 33. Qf4 Nd5 34. Qd2 Qb1+ 35. Kh2 Qd1 36.
Qa5 c1=Q 37. Qa7+ Qc7+ 38. Qxc7+ Nxc7 0-1

[Event "*** SCC Grand Prix: Titled Tuesday Blitz"]
[Site "Chess.com"]
[Date "2020.06.23"]
[Round "6"]
[White "MuhittinBuker"]
[Black "BJthechessgod"]
[Result "0-1"]
[WhiteElo "1901"]
[BlackElo "2212"]
[TimeControl "180+1"]
[EndTime "11:05:58 PDT"]
[Termination "BJthechessgod won by checkmate"]

1. d4 Nf6 2. c4 e6 3. Nf3 b6 4. Nc3 Bb4 5. g3 Bb7 6. Bg2 O-O 7. O-O Bxc3 8. bxc3 Ne4 9. Qc2 d6 10. Ne1 f5 11. f3 Nf6 12. e4 fxe4 13. fxe4 Nbd7 14. h3 e5 15. Be3 Qe7 16. d5 Nh5 17. Kh2 Rxf1 18. Bxf1 Rf8 19. Ng2 Qf6 20. Be2 Qg6 21. Bg4 Ndf6 22. Be6+ Kh8 23. Qf2 Ng4+ 24. Bxg4 Rxf2 25.
Bxf2 Nf6 26. Bf5 Qe8 27. Be3 Ba6 28. g4 Bxc4 29. g5 Ng8 30. g6 hxg6 31. Be6 Nf6 32. Nh4 Nxe4 33. Rg1 g5 34. Bxg5 Nxg5 35. Rxg5 Bd3 36.
Nf5 Bxf5 37. Rxf5 c6 38. Kg3 Qg6+ 39. Kf3 Qh6 40. Kg4 g6 41. Rf7 Qh5+ 42. Kg3 Qg5+ 43. Kf3 Qd2 44. Kg4 cxd5 45. h4 Qg2# 0-1

[Event "*** SCC Grand Prix: Titled Tuesday Blitz"]
[Site "Chess.com"]
[Date "2020.06.23"]
[Round "6"]
[White "mshuaau0"]
[Black "Rskaak"]
[Result "1-0"]
[WhiteElo "2200"]
[BlackElo "1688"]
[TimeControl "180+1"]
[EndTime "11:05:58 PDT"]
[Termination "mshuaau0 won by resignation"]

1. e4 e6 2. Nf3 d5 3. Nc3 Nf6 4. e5 Nfd7 5. d4 c5 6. Bf4 Nc6 7. Bb5 a6 8. Bxc6 bxc6 9. O-O Qb6 10. Na4 Qa7 11. dxc5 Nxc5 12. Nxc5 Bxc5 13. c4 Bb7 14. a3 O-O 15. b4 Be7 16. c5 f6 17. exf6 Bxf6 18.
Be5 Rae8 19. Qd4 Bxe5 20. Nxe5 Qb8 21. f4 Rf5 22. g4 Rf6 23. Nd7 Qd8 24. Nxf6+ Qxf6 25. Qxf6 gxf6 26. Rae1 Kf7 27. Kf2 Bc8 28. Ke3 e5 29.
fxe5 Rxe5+ 30. Kf4 Rg5 31. h3 Bd7 32. Re3 h5 33. Rfe1 Kg6 34. Re7 hxg4 35. Rxd7 gxh3 36. Rh1 Rh5 37. Rd6 Rh4+ 38. Kg3 Kg5 39. Rxh3 Rg4+ 40. Kh2 Re4 41. Rg3+ Kh4 42. Rxf6 Re2+ 43. Rg2 1-0

[Event "*** SCC Grand Prix: Titled Tuesday Blitz"]
[Site "Chess.com"]
[Date "2020.06.23"]
[Round "6"]
[White "Leonid_Starozhilov"]
[Black "vladislavkovalev"]
[Result "0-1"]
[WhiteElo "2721"]
[BlackElo "2909"]
[TimeControl "180+1"]
[EndTime "11:06:00 PDT"]
[Termination "vladislavkovalev won by resignation"]

1. e4 e5 2. Nf3 Nc6 3. Bc4 Nf6 4. d3 Bc5 5. Nc3 a6 6. Be3 d6 7. h3 h6 8. a3 O-O 9. O-O Nd4 10. Bxd4 exd4 11.
Ne2 d5 12. exd5 Nxd5 13. Qd2 Ne7 14. Rae1 b5 15. Bb3 Bb7 16. Ne5 Bd6 17. Nf4 c5 18. Qe2 Qc7 19. Qh5 Kh7 20. Bxf7 Bxe5 21. Rxe5 Rxf7 22. Ne6 g6 23. Nxc7 gxh5 24. Nxa8 Bxa8 25. Rxc5 Ng6 26. g3 h4 27. Re1 Rg7 28. Kh2 Bb7 29. Rf5 hxg3+ 30. fxg3 Nh4 31. Rf4 Nf3+ 32. Rxf3 Bxf3 33. Re5 Rc7 34. c3 dxc3 35. bxc3 Rxc3 36. g4 Rxd3 0-1

[Event "*** SCC Grand Prix: Titled Tuesday Blitz"]
[Site "Chess.com"]
[Date "2020.06.23"]
[Round "6"]
[White "Stronger1799"]
[Black "Schachmalanders"]
[Result "1-0"]
[WhiteElo "2484"]
[BlackElo "2333"]
[TimeControl "180+1"]
[EndTime "11:06:00 PDT"]
[Termination "Stronger1799 won by checkmate"]

1. e4 c5 2. Nf3 d6 3. d4 cxd4 4. Nxd4 Nf6 5. Nc3 a6 6. f3 e5 7.
Nb3 Be6 8. Be3 Be7 9. Qd2 O-O 10.
O-O-O Nbd7 11. g4 b5 12. g5 Nh5 13. Kb1 Nb6 14. Qf2 Nc4 15. Bxc4 bxc4 16. Nc5 Rb8 17.
Nxa6 Rxb2+ 18. Kxb2 Qa5 19. Nd5 Bxd5 20. Rxd5 Qxa6 21. Rb1 Ra8 22. Kc1 Qxa2 23. Rdb5 g6 24. Qd2 Ra3 25. Rb7 Bf8 26. Qd5 c3 27. Qxa2 Rxa2 28. R7b3 Nf4 29. Bxf4 exf4 30. Rxc3 Be7 31. h4 h6 32. Rc7 Bf8 33. Rb8 Kg7 34. Rcc8 hxg5 35.
hxg5 f6 36. gxf6+ Kxf6 37. Rxf8+ Ke5 38. Kd2 d5 39. Rbe8+ Kd4 40. Rd8 Rxc2+ 41. Kxc2 Ke3 42. exd5 g5 43. d6 Kxf3 44. d7 g4 45. Rde8 g3 46. d8=Q g2 47. Qd1+ Kf2 48. Re2+ Kg3 49. Qd3+ f3 50. Qxf3+ Kh2 51. Qxg2# 1-0

[Event "*** SCC Grand Prix: Titled Tuesday Blitz"]
[Site "Chess.com"]
[Date "2020.06.23"]
[Round "6"]
[White "Grandelicious"]
[Black "PlayChessSimple"]
[Result "1-0"]
[WhiteElo "2784"]
[BlackElo "2532"]
[TimeControl "180+1"]
[EndTime "11:06:01 PDT"]
[Termination "Grandelicious won on time"]

1. e4 e6 2. d4 d5 3. e5 c5 4. c3 Nc6 5. Nf3 Bd7 6. Be2 Nge7 7.
O-O Ng6 8. g3 Be7 9. h4 cxd4 10.
cxd4 O-O 11. h5 Nh8 12. Nbd2 f6 13. Nb3 fxe5 14. dxe5 Nf7 15. Bf4 Ng5 16. Bxg5 Bxg5 17. Nc5 Be7 18. Nd3 Qb6 19. Rc1 Rac8 20. Kg2 Nd4 21.
Rxc8 Rxc8 22. Nf4 Nxe2 23. Qxe2 Bb5 24. Nd3 Qa6 25. Rd1 Rc4 26. a3 Re4 27. Qd2 Be8 28. Nf4 Qb6 29. Nxd5 Qd8 30. Nf6+ Bxf6 31. Qxd8 Bxd8 32.
Rxd8 Kf8 33. Rb8 Re2 34. Ng5 Rxe5 35. Nxh7+ Ke7 36. Rxb7+ Kd6 37. Rxg7 Bc6+ 38. Kh3 Rxh5+ 39. Kg4 Rh2 40. f4 Rxb2 41. Rxa7 Be4 42. Nf6 Bf5+ 43.
Kg5 Rb3 44. g4 Bb1 45. a4 Rb4 46. Nd7 1-0

[Event "*** SCC Grand Prix: Titled Tuesday Blitz"]
[Site "Chess.com"]
[Date "2020.06.23"]
[Round "6"]
[White "alexsergeyev"]
[Black "wannabe2700"]
[Result "1-0"]
[WhiteElo "2385"]
[BlackElo "2665"]
[TimeControl "180+1"]
[EndTime "11:06:01 PDT"]
[Termination "alexsergeyev won by resignation"]

1. d4 f5 2. Nc3 Nf6 3. Bg5 d5 4. Bxf6 exf6 5. e3 Be6 6. Nf3 Nc6 7. Bb5 Qd7 8. Ne2 Bd6 9. Qd2 O-O 10. Nf4 Bf7 11. O-O g5 12. Nd3 a6 13. Ba4 b5 14.
Bb3 Ne7 15. Nc5 Bxc5 16. dxc5 c6 17. Nd4 Kh8 18. f4 Rg8 19. a4 gxf4 20. exf4 Rg4 21.
Rae1 Rag8 22. Rf2 Ng6 23. c3 Nh4 24. g3 R4g7 25. axb5 cxb5 26. Bc2 a5 27. Kh1 Bh5 28. gxh4 Bg4 29. c6 Qd6 30. Qe3 Qc5 31. Bxf5 b4 32. Bxg4 Rxg4 33. Qe6 R4g6 34. h5 Rh6 35.
Rg2 Rxg2 36. Kxg2 bxc3 37. Qe8+ 1-0

[Event "*** SCC Grand Prix: Titled Tuesday Blitz"]
[Site "Chess.com"]
[Date "2020.06.23"]
[Round "6"]
[White "Godzillator"]
[Black "GM_LOADING"]
[Result "0-1"]
[WhiteElo "2391"]
[BlackElo "2573"]
[TimeControl "180+1"]
[EndTime "11:06:02 PDT"]
[Termination "GM_LOADING won by resignation"]

1. d4 Nf6 2. c4 e6 3. Nc3 Bb4 4. Qc2 Nc6 5. Nf3 d6 6. Bg5 h6 7. Bd2 e5 8. dxe5 dxe5 9. a3 Bxc3 10. Bxc3 Qe7 11. e3 O-O 12. h3 a5 13. Be2 a4 14. O-O g6 15. Rad1 Bf5 16. Qc1 Nd7 17.
Rd5 Be4 18. Rb5 Nc5 19. Bb4 Nxb4 20. axb4 Nb3 21. Qc3 f6 22. Nd2 Bc6 23. Nxb3 Bxb5 24.
Na5 Bc6 25. b5 Be4 26. f3 b6 27. fxe4 Rxa5 28. c5 Qxc5 29. Qxc5 bxc5 30. Rc1 Rd8 31.
Rxc5 Rd2 32. Kf2 Rxb2 33. Rxc7 Raxb5 34. Kf3 Ra5 35. Bc4+ Kf8 36. Rf7+ Ke8 37. Rxf6 a3 38. Rxg6 a2 39. Bxa2 Raxa2 40. Re6+ Kf7 41. Rxe5 Rxg2 42. Rf5+ Ke6 43. e5 Kxf5 0-1

[Event "*** SCC Grand Prix: Titled Tuesday Blitz"]
[Site "Chess.com"]
[Date "2020.06.23"]
[Round "6"]
[White "124chess"]
[Black "Savva09022009"]
[Result "1-0"]
[WhiteElo "2724"]
[BlackElo "2457"]
[TimeControl "180+1"]
[EndTime "11:06:03 PDT"]
[Termination "124chess won by resignation"]

1. b3 Nf6 2. Bb2 e6 3. e3 d5 4. Nf3 Be7 5. c4 O-O 6. Nc3 c6 7.
d4 Nbd7 8. Bd3 Re8 9. O-O Nf8 10.
e4 dxe4 11. Nxe4 Nxe4 12. Bxe4 c5 13. Qe2 cxd4 14. Nxd4 Qc7 15. Nb5 Qa5 16. Rfd1 a6 17. Bc3 Qb6 18. Bd4 Qa5 19. Bc3 Qb6 20. Nd4 Bd7 21.
Qf3 Rab8 22. Ne2 Bc6 23. Bxc6 bxc6 24. Nf4 Ng6 25. Nh5 e5 26. Ng3 Rbd8 27. Nf5 Bf8 28. Qe4 f6 29. h4 Nf4 30. g3 Nh3+ 31. Kg2 Nxf2 32. Ba5 Nxe4 33. Bxb6 Rxd1 34. Rxd1 Bc5 35. Bxc5 Nxc5 36. Rd6 g6 37. Rxc6 Ne4 38. Nd6 Nxd6 39. Rxd6 a5 40. Rxf6 Rd8 41. Rf2 Kg7 42. Kf3 Rd4 43.
Ke3 Rd6 44. c5 Rc6 45. Rc2 Kf6 46. Ke4 Ke6 47. a3 Rc8 48. b4 axb4 49. axb4 Rb8 50. Rc4 Rf8 51. c6 1-0

[Event "*** SCC Grand Prix: Titled Tuesday Blitz"]
[Site "Chess.com"]
[Date "2020.06.23"]
[Round "6"]
[White "WiktoriaPOL"]
[Black "Chopper1905"]
[Result "0-1"]
[WhiteElo "1939"]
[BlackElo "2869"]
[TimeControl "180+1"]
[EndTime "11:06:03 PDT"]
[Termination "Chopper1905 won on time"]

1. c4 h6 2. Nc3 g5 3. d4 Bg7 4. e4 d6 5. Be3 c6 6. Qd2 Nf6 7. f3 a6 8. Bd3 b5 9. a3 Nbd7 10. Nge2 Nb6 11. c5 Nc4 12. Bxc4 bxc4 13. cxd6 exd6 14.
Qc2 O-O 15. Qa4 d5 16. e5 Nd7 17. Qxc6 Nb6 18. Qc5 Re8 19. f4 Bf5 20. O-O Bd3 21. fxg5 hxg5 22. Rf3 Rb8 23. Raf1 Na4 24. Nxa4 Bxe2 25.
Rxf7 Bxf1 26. Rxf1 Re6 27. h4 gxh4 28. Qa7 Qe8 29. Nc5 Rg6 30. Rf2 h3 31. Nxa6 Ra8 32. Nc7 Rxa7 33. Nxe8 Rf7 34. Rxf7 Rxg2+ 35. Kh1 Kxf7 36.
Nxg7 Kxg7 37. a4 Rxb2 38. a5 c3 39. a6 Ra2 0-1

[Event "*** SCC Grand Prix: Titled Tuesday Blitz"]
[Site "Chess.com"]
[Date "2020.06.23"]
[Round "6"]
[White "Alindsay211"]
[Black "c63_amg"]
[Result "0-1"]
[WhiteElo "2295"]
[BlackElo "2748"]
[TimeControl "180+1"]
[EndTime "11:06:04 PDT"]
[Termination "c63_amg won on time"]

1. e4 c5 2. Nf3 d6 3. d4 cxd4 4.
Nxd4 Nf6 5. Nc3 a6 6. h3 e5 7.
Nde2 h5 8. Bg5 Be7 9. Qd3 Be6 10. Bxf6 Bxf6 11. Nd5 Bg5 12. Nec3 Nd7 13. g3 h4 14. Bg2 Rc8 15. Ne3 hxg3 16. fxg3 Nc5 17. Qe2 Qa5 18. O-O Qb6 19. h4 Bxe3+ 20. Qxe3 Qxb2 21. Rad1 Nd7 22. Nd5 Bxd5 23. Rxd5 Rxc2 24. Bh3 Nb6 25. Qf3 O-O 26. Rxd6 Nc4 27. Rd3 Nd2 28. Qh5 Qb6+ 29. Kh1 Nxf1 30. Bxf1 Qf2 0-1

[Event "*** SCC Grand Prix: Titled Tuesday Blitz"]
[Site "Chess.com"]
[Date "2020.06.23"]
[Round "6"]
[White "Fh2411"]
[Black "Andrii_Prydun"]
[Result "1-0"]
[WhiteElo "2527"]
[BlackElo "2384"]
[TimeControl "180+1"]
[EndTime "11:06:05 PDT"]
[Termination "Fh2411 won on time"]

1. d4 d5 2. Nf3 Nf6 3. Bf4 Nc6 4. e3 a6 5. Nbd2 Bf5 6. a3 e6 7. c4 Ne4 8. Qb3 Rb8 9. Rc1 Bd6 10.
cxd5 Bxf4 11. dxc6 Nxd2 12. Nxd2 Bd6 13. cxb7 O-O 14.
Bxa6 Qh4 15. Be2 e5 16. dxe5 Bxe5 17. Nf3 Qe4 18. Nxe5 Qxe5 19. O-O Be4 20. Qc3 Qg5 21. f3 Bxb7 22. e4 h5 23. Qc5 Qh6 24. Rc3 h4 25. h3 Rbc8 26. Qe3 Qd6 27. f4 Rfe8 28. e5 Qe6 29. Rfc1 c5 30. Rxc5 Rxc5 31. Rxc5 Qg6 32.
Bf3 Ba6 33. Rc1 Rb8 34. b4 Bc8 35. Be4 Qh6 36. Rc3 Be6 37. f5 1-0

[Event "*** SCC Grand Prix: Titled Tuesday Blitz"]
[Site "Chess.com"]
[Date "2020.06.23"]
[Round "6"]
[White "rynos0411"]
[Black "1977Ivan"]
[Result "0-1"]
[WhiteElo "2368"]
[BlackElo "2648"]
[TimeControl "180+1"]
[EndTime "11:06:05 PDT"]
[Termination "1977Ivan won by resignation"]

1. d4 Nf6 2. c4 e6 3. Nf3 c5 4. d5 d6 5. Nc3 exd5 6. cxd5 a6 7. a4 Qe7 8. Bf4 Nbd7 9. Nd2 Ne5 10. e4 Nfd7 11. Be2 g5 12. Bg3 Bg7 13. O-O h5 14.
Bxh5 Rb8 15. Be2 Nf8 16. a5 Nfg6 17. b4 cxb4 18. Qa4+ Bd7 19. Qxb4 Nf4 20. Bxa6 Rc8 21. Bxb7 Rxc3 22. Qxc3 Ne2+ 23. Kh1 Nxc3 24. a6 Nb5 25. a7 Nxa7 26. Rxa7 O-O 27. Bc6 Rd8 28. Rb1 Qe8 29. Bxe5 Bxe5 30. Rxd7 Rxd7 31. h3 Qd8 32. Bxd7 Qxd7 33. Rc1 Qa4 34. g3 Qa2 35. Rc8+ Kg7 36. Nc4 Qxf2 37. Nxe5 dxe5 38. Rc7 Qxg3 39. d6 Qxh3+ 40.
Kg1 Qe3+ 41. Kh2 Qe2+ 42. Kh1 Qxe4+ 43. Kg1 Qd4+ 44. Kh1 Qxd6 0-1

[Event "*** SCC Grand Prix: Titled Tuesday Blitz"]
[Site "Chess.com"]
[Date "2020.06.23"]
[Round "6"]
[White "AndreyNeves"]
[Black "renehp"]
[Result "0-1"]
[WhiteElo "2211"]
[BlackElo "2402"]
[TimeControl "180+1"]
[EndTime "11:06:07 PDT"]
[Termination "renehp won by resignation"]

1. d4 d5 2. c4 c6 3. Nf3 Nf6 4. e3 Bg4 5. Qb3 Qc7 6. Ne5 e6 7. Nxg4 Nxg4 8. Be2 Nf6 9. Nc3 Be7 10. Bf3 O-O 11. O-O Nbd7 12. e4 dxe4 13. Nxe4 e5 14. Be3 exd4 15. Bxd4 Nxe4 16. Bxe4 Nf6 17. Bf3 Rfd8 18. Qc3 Qf4 19. Rad1 Qf5 20. Rfe1 Re8 21. Re5 Qg6 22. Rde1 Bd6 23. Rxe8+ Rxe8 24. Rxe8+ Nxe8 25. g3 Qb1+ 26. Kg2 Qxa2 27. Bg4 Qb1 28. Bd7 Qe4+ 29. f3 Qe2+ 30. Kh3 h5 31. Bxa7 Qf1+ 32. Kh4 Be7+ 33.
Kxh5 Nf6+ 34. Kg5 Nd5+ 0-1

[Event "*** SCC Grand Prix: Titled Tuesday Blitz"]
[Site "Chess.com"]
[Date "2020.06.23"]
[Round "6"]
[White "keshka01"]
[Black "Raja3401"]
[Result "1-0"]
[WhiteElo "2584"]
[BlackElo "2788"]
[TimeControl "180+1"]
[EndTime "11:06:08 PDT"]
[Termination "keshka01 won on time"]

1. d4 Nf6 2. Nf3 d5 3. Bf4 e6 4. e3 Bd6 5. Nbd2 O-O 6. Bd3 c5 7. Ne5 Nc6 8. c3 Qc7 9. Ndf3 Ne4 10. O-O f6 11. Nxc6 bxc6 12. Bxd6 Nxd6 13. dxc5 Nf7 14. Qc2 f5 15. b4 g6 16. Rfd1 e5 17. Be2 e4 18.
Nd4 Ne5 19. c4 dxc4 20. Bxc4+ Kh8 21. Qc3 Qg7 22. Rac1 f4 23. exf4 Rxf4 24. Ne2 Rf8 25. Ng3 Bg4 26. Re1 Rad8 27. Nxe4 Bf3 28. Nd6 Rf6 29. Qxe5 1-0

[Event "*** SCC Grand Prix: Titled Tuesday Blitz"]
[Site "Chess.com"]
[Date "2020.06.23"]
[Round "6"]
[White "theblitzchamp"]
[Black "dpruess"]
[Result "1-0"]
[WhiteElo "2651"]
[BlackElo "2478"]
[TimeControl "180+1"]
[EndTime "11:06:09 PDT"]
[Termination "theblitzchamp won on time"]

1. d4 Nf6 2. Bf4 c5 3. d5 e6 4. c4 b5 5. dxe6 fxe6 6. cxb5 d5 7. e3 Bd6 8. Bxd6 Qxd6 9. Nf3 O-O 10. Be2 Nbd7 11. O-O e5 12. Nc3 e4 13. Nd2 Qe5 14.
Rc1 Bb7 15. h3 d4 16. Nc4 Qg5 17. exd4 Rad8 18. Ne3 cxd4 19. Qxd4 Ne5 20. Qxa7 Ba8 21. Kh1 Rd2 22. Rcd1 Rxb2 23. Qa3 Rxe2 24. Nxe2 Nf3 25. b6 Nh5 26. Qb3+ Kh8 27. b7 Nf4 28. bxa8=Q Rxa8 29. Nxf4 Qxf4 30. gxf3 exf3 31. Rg1 h6 32. Rg3 Rf8 33. Rdg1 Rf7 34. Qc3 1-0

[Event "*** SCC Grand Prix: Titled Tuesday Blitz"]
[Site "Chess.com"]
[Date "2020.06.23"]
[Round "6"]
[White "Artem_Koval"]
[Black "novendrapriasmoro"]
[Result "0-1"]
[WhiteElo "2432"]
[BlackElo "2614"]
[TimeControl "180+1"]
[EndTime "11:06:09 PDT"]
[Termination "novendrapriasmoro won by checkmate"]

1. e4 c5 2. Nf3 Nc6 3. b4 cxb4 4. d4 d5 5. exd5 Qxd5 6. c4 bxc3 7.
Nxc3 Qa5 8. Bd2 e6 9. d5 exd5 10.
Bb5 Qd8 11. O-O Nf6 12. Re1+ Be7 13. Ne5 Bd7 14. Nxd7 Qxd7 15. Qe2 d4 16. Ne4 O-O 17. Rad1 Rfe8 18. Bc4 Nxe4 19. Qxe4 Bf6 20. Qb1 Rxe1+ 21. Rxe1 a6 22. Qe4 Rd8 23. h4 Ne5 24. Bb3 Qc6 25.
Qf5 g6 26. Qf4 Nd3 27. Qe4 Nxe1 28. Qxe1 Re8 29. Qd1 Qe4 30. h5 Qe2 31. Qc1 Qxh5 32. Qc7 Rf8 33. Bb4 Be5 34. Qxb7 d3 35. Bxf8 Qh2+ 36.
Kf1 Qh1# 0-1

[Event "*** SCC Grand Prix: Titled Tuesday Blitz"]
[Site "Chess.com"]
[Date "2020.06.23"]
[Round "6"]
[White "Zurability"]
[Black "Msb2"]
[Result "0-1"]
[WhiteElo "2679"]
[BlackElo "2847"]
[TimeControl "180+1"]
[EndTime "11:06:10 PDT"]
[Termination "Msb2 won on time"]

1. Nf3 d5 2. g3 Nc6 3. d4 Bf5 4.
Bg2 Nb4 5. Na3 e6 6. O-O Be7 7. c3 Nc6 8. c4 Nb4 9. Bd2 a5 10.
Qb3 c6 11. Ne5 Nf6 12. c5 O-O 13. Bxb4 axb4 14. Qxb4 Qc7 15. Qc3 Ra4 16. Nb1 Rfa8 17. a3 Ne4 18. Bxe4 Bxe4 19. Nd2 Bf5 20. e3 f6 21. Nd3 Bg6 22. f4 b6 23. cxb6 Qxb6 24. Rab1 Qa6 25. f5 Bxf5 26. Rxf5 exf5 27. Rf1 g6 28.
Nb3 Qb5 29. Nbc5 Bxc5 30. Nxc5 Rc4 31. Qd2 Re8 32. Kf2 Kg7 33. b3 Rxc5 34. dxc5 Qxb3 35. Ra1 Re4 36. Ra2 g5 37. Rb2 Qxa3 38. Rb7+ Kg6 0-1

[Event "*** SCC Grand Prix: Titled Tuesday Blitz"]
[Site "Chess.com"]
[Date "2020.06.23"]
[Round "6"]
[White "kuba2006"]
[Black "deribas12345"]
[Result "0-1"]
[WhiteElo "2358"]
[BlackElo "2569"]
[TimeControl "180+1"]
[EndTime "11:06:10 PDT"]
[Termination "deribas12345 won on time"]

1. e4 e6 2. d4 d5 3. e5 c5 4. c3 Qa5 5. dxc5 Nc6 6. b4 Qc7 7. f4 f6 8. Bb5 fxe5 9. Qh5+ g6 10.
Qxe5 Qxe5+ 11. fxe5 Bd7 12. Bxc6 Bxc6 13. Nf3 Bg7 14.
Bf4 Ne7 15. O-O O-O 16. Nd4 Bd7 17. Nd2 h6 18. h4 Nc6 19. Nxc6 Bxc6 20. Nb3 Bb5 21.
Rf2 g5 22. hxg5 hxg5 23. Bg3 Rxf2 24. Kxf2 Rf8+ 25. Ke3 Bh6 26. Rh1 Kg7 27. Kd4 b6 28. cxb6 axb6 29. Ra1 Rc8 30. Nd2 g4 31. Be1 Kg6 32.
a4 Be2 33. a5 bxa5 34. bxa5 Kf5 35. a6 Bf4 36. a7 Ra8 37. Nb3 Bc4 38. Nc5 Bh2 39.
Nd7 Bg1+ 0-1

[Event "*** SCC Grand Prix: Titled Tuesday Blitz"]
[Site "Chess.com"]
[Date "2020.06.23"]
[Round "6"]
[White "Igor_Lysyj"]
[Black "Azerichess"]
[Result "1-0"]
[WhiteElo "2774"]
[BlackElo "3018"]
[TimeControl "180+1"]
[EndTime "11:06:11 PDT"]
[Termination "Igor_Lysyj won on time"]

1. d4 d5 2. c4 c5 3. cxd5 Qxd5 4.
e3 Nf6 5. Nc3 Qd8 6. Nf3 e6 7.
Bc4 a6 8. O-O b5 9. Be2 Bb7 10.
dxc5 Bxc5 11. Qxd8+ Kxd8 12. Nd2 Ke7 13. Nb3 Bb6 14. a4 b4 15. a5 Ba7 16. Na2 Bd5 17. Nd2 Nc6 18. Bxa6 Rhb8 19. Be2 g5 20. a6 g4 21. b3 h5 22. Bb2 h4 23. Rfc1 g3 24.
Bf3 Rc8 25. e4 gxf2+ 26. Kf1 h3 27. Bxf6+ Kxf6 28. exd5 Ne5 29. dxe6 Nxf3 30. gxf3 Kxe6 31. Rxc8 Rxc8 32. Nxb4 Rg8 33. Ke2 Kf5 34. Nc6 1-0

[Event "*** SCC Grand Prix: Titled Tuesday Blitz"]
[Site "Chess.com"]
[Date "2020.06.23"]
[Round "6"]
[White "Reader777"]
[Black "ArjunErigaisi2003"]
[Result "1-0"]
[WhiteElo "2698"]
[BlackElo "2883"]
[TimeControl "180+1"]
[EndTime "11:06:11 PDT"]
[Termination "Reader777 won by resignation"]

1. d4 d5 2. c4 e6 3. Nc3 c6 4.
e3 Nf6 5. Nf3 Nbd7 6. Bd3 dxc4 7. Bxc4 b5 8. Bd3 a6 9. a4 b4 10.
Ne4 Bb7 11. O-O c5 12. Nxf6+ Qxf6 13. Be2 g5 14. Ne1 Rd8 15. Bf3 Bxf3 16. Qxf3 Qxf3 17.
Nxf3 g4 18. Nd2 cxd4 19. exd4 Nf6 20. Nb3 Nd5 21. Bg5 f6 22. Be3 Bd6 23. Nc5 Ke7 24.
Nxa6 Ra8 25. Nc5 Rhc8 26. Rfc1 Ra5 27. g3 h5 28. b3 Nxe3 29. fxe3 Bxc5 30. Rxc5 Raxc5 31. dxc5 Rxc5 32. a5 Rc7 33. a6 Ra7 34. Ra5 f5 35.
Kf2 Kd6 36. e4 fxe4 37. Ke3 Kc6 38. Kxe4 Kb6 39. Ra4 Kb5 40. Ke5 Kc5 41. Kxe6 Kd4 42. Rxb4+ Kc3 43. Rb6 Kd4 44. b4 Ke3 45. b5 Kf3 46. Rb7 Ra8 47. a7 Kg2 48. b6 Kxh2 49. Rb8 1-0